 Dungeon Crawl Stone Soup version 0.24.1 (webtiles) character file.

Game seed: 12386640239833888211, levelgen mode: deterministic

379 Destapler the Cutter (level 7, -8/45 HPs)
             Began as a Halfling Warper on Mar 28, 2020.
             Was a Follower of Dithmenos.
             Mangled by sneaky's ghost (14 damage)
             ... on level 3 of the Dungeon.
             The game lasted 00:10:10 (2316 turns).

Destapler the Cutter (Halfling Warper)              Turns: 2316, Time: 00:10:10

Health: -8/45      AC:  5    Str: 12    XL:     7   Next: 4%
Magic:  10/10      EV: 21    Int: 11    God:    Dithmenos [*.....]
Gold:   66         SH:  0    Dex: 21    Spells: 8/10 levels left

rFire    . . .     SeeInvis .   a - +0 short sword (vamp)
rCold    . . .     Gourm    .   (shield restricted)
rNeg     . . .     Faith    .   b - +0 leather armour
rPois    .         Spirit   .   j - +0 helmet
rElec    .         Reflect  .   (no cloak)
rCorr    .         Harm     .   (no gloves)
MR       .....                  s - +0 pair of boots
Stlth    ++++......             (no amulet)
HPRegen  0.15/turn              (no ring)
MPRegen  0.12/turn              (no ring)

@: agile, flying, hasted, wreathed by umbra, very quick
A: small, mutation resistance 1
a: Renounce Religion


You were on level 3 of the Dungeon.
You worshipped Dithmenos.
Dithmenos was aware of your devotion.
You were not hungry.

You visited 1 branch of the dungeon, and saw 3 of its levels.

You collected 66 gold pieces.

Inventory:

Hand Weapons
 a - a +0 vampiric short sword (weapon)
Missiles
 g - 72 stones (quivered)
Armour
 b - a +0 leather armour (worn)
 j - a +0 helmet (worn)
 m - a +0 shield
 s - a +0 pair of boots (worn)
Wands
 c - a wand of polymorph (9)
Scrolls
 d - a scroll of blinking
 e - 2 scrolls of teleportation {unknown}
 i - 3 scrolls of remove curse {unknown}
 l - 5 scrolls of identify {unknown}
 o - 2 scrolls of amnesia {unknown}
Comestibles
 f - 4 rations
 k - 15 chunks of flesh


   Skills:
 - Level 2.0 Fighting
 * Level 4.8 Short Blades
 - Level 1.0 Throwing
 - Level 1.4 Armour
 - Level 3.0 Dodging
 * Level 4.0 Stealth
 * Level 1.5 Shields
 - Level 2.1 Spellcasting
 - Level 4.1 Translocations


You had 8 spell levels left.
You knew the following spells:

 Your Spells              Type           Power        Failure   Level  Hunger
B - Blink                 Tloc           N/A          10%         2    ###....

Your spell library contained the following spells:

 Spells                   Type           Power        Failure   Level  Hunger
 Gell's Gravitas          Tloc           ##........   21%         3    ####...
 Lesser Beckoning         Tloc           ##........   21%         3    ####...
 Teleport Other           Tloc           ##......     21%         3    ####...
 Shroud of Golubria       Chrm/Tloc      #.....       24%         2    ###....
 Passage of Golubria      Tloc           N/A          54%         4    #####..


Dungeon Overview and Level Annotations

Branches:
Dungeon (3/15)

Altars:
Dithmenos
Fedhas
Ru
Sif Muna
Uskayaw
Wu Jian
Xom
The Shining One

Annotations:
D:3 sneaky's ghost, amateur MiFi


Innate Abilities, Weirdness & Mutations

You are small and have problems with some larger weapons.
You are somewhat resistant to further mutation.


Message History

You hit sneaky's ghost but do no damage.
Sneaky's ghost is heavily damaged.
Sneaky's ghost hits you!
* * * LOW HITPOINT WARNING * * *
You hit sneaky's ghost.
Sneaky's ghost is heavily damaged.
Sneaky's ghost hits you!
* * * LOW HITPOINT WARNING * * *
You hit sneaky's ghost but do no damage.
Sneaky's ghost is heavily damaged.
You closely miss sneaky's ghost.
Sneaky's ghost is heavily damaged.
Sneaky's ghost closely misses you.
It was a potion of flight.
You feel very buoyant.
You fly up into the air.
It was a potion of agility.
You feel agile all of a sudden. Sneaky's ghost hits you!
You die...

+####.#
#.##.#.#.# #..
#.##.#.#.# ##.
#.##.#(#.####.#
.#
#.##.#.#......#
.. #.
#.#.#.######.
#.#..........
#.#.#...####.
#.###.#######
#..@W..#P⌠P.##
#####..#....8#
#..#......
#..'.....P
#..'.....⌠
....'.....P
####.#%..[.?
#.#....8#
..#P⌠P[##


You could see sneaky's ghost.

Vanquished Creatures
  Sigmund (D:2)
  The ghost of zeiran the Chiller, an amateur VSIE (D:3)
  3 gnolls (D:2)
  4 adders
  A worm (D:2)
  2 dart slugs (D:1)
  A leopard gecko (D:3)
  4 orcs (D:3)
  4 giant cockroaches
  6 goblins
  4 hobgoblins
  9 jackals
  4 kobolds
  4 bats
  5 frilled lizards
  6 rats
59 creatures vanquished.

Notes
Turn   | Place    | Note
-------+----------+-------------------------------------------
     0 | D:1      | Destapler the Halfling Warper began the quest for the Orb.
     0 | D:1      | Reached XP level 1. HP: 14/14 MP: 3/3
    47 | D:1      | Reached XP level 2. HP: 17/19 MP: 4/4
   100 | D:1      | Reached skill level 1 in Stealth
   638 | D:1      | Reached XP level 3. HP: 23/24 MP: 5/5
   735 | D:1      | Found a shimmering altar of Xom.
   737 | D:1      | Found a shattered altar of Ashenzari.
   737 | D:1      | Found a hazy altar of Hepliaklqana.
   739 | D:1      | Found a glowing silver altar of Zin.
   739 | D:1      | Found a basalt altar of Yredelemnul.
   739 | D:1      | Found a snail-covered altar of Cheibriados.
  1034 | D:2      | Learned a level 2 spell: Blink
  1149 | D:2      | Reached XP level 4. HP: 20/29 MP: 6/6
  1186 | D:2      | Noticed Sigmund
  1539 | D:2      | Killed Sigmund
  1539 | D:2      | Reached XP level 5. HP: 23/34 MP: 6/8
  1539 | D:2      | Reached XP level 6. HP: 26/39 MP: 6/9
  1630 | D:2      | Found a sacrificial altar of Ru.
  1630 | D:2      | Found a shadowy altar of Dithmenos.
  1636 | D:2      | Found a shimmering blue altar of Sif Muna.
  1636 | D:2      | Found a blossoming altar of Fedhas.
  1638 | D:2      | Became a worshipper of Dithmenos the Shadowed
  1640 | D:2      | Found an ornate altar of the Wu Jian Council.
  1641 | D:2      | Found a glowing golden altar of the Shining One.
  1644 | D:2      | Found a hide-covered altar of Uskayaw.
  2257 | D:3      | Found a runed translucent gate.
  2258 | D:3      | Found a runed translucent gate.
  2259 | D:3      | Found a runed translucent gate.
  2265 | D:3      | Noticed zeiran's ghost (amateur VSIE)
  2265 | D:3      | Noticed sneaky's ghost (amateur MiFi)
  2296 | D:3      | Killed zeiran's ghost
  2296 | D:3      | Reached * piety under Dithmenos
  2296 | D:3      | Reached skill level 1 in Shields
  2296 | D:3      | Reached XP level 7. HP: 34/45 MP: 10/10
  2316 | D:3      | Mangled by sneaky's ghost

Levels and vault maps discovered:
D:1:      giann_bridges, layout_basic, doesnt_xom_only_xom
D:2:      layout_basic, minitemple, uniq_sigmund
D:3:      layout_basic, gammafunk_ghost_cemetery

Skill      XL: |  1  2  3  4  5  6 |
---------------+-------------------+-----
Stealth        | 1 3 4 |  4.0
Fighting       | 2 |  2.0
Short Blades   | 3 4 |  4.8
Dodging        | 3 |  3.0
Spellcasting   | 2 |  2.1
Translocations | 4 |  4.1
Shields        | 1 |  1.5
Throwing       | |  1.0
Armour         | |  1.4

Action                   |  1- 3 |  4- 6 |  7- 9 || total
-------------------------+-------+-------+-------++-------
Melee: Short sword       |   148 |   182 |    17 ||   347
Throw: Stone             |       |    16 |       ||    16
       Boomerang         |       |     5 |       ||     5
  Use: Potion            |     1 |     5 |     2 ||     8
 Stab: Sleeping          |       |     4 |       ||     4
  Eat: Chunk             |     1 |     4 |       ||     5
Armor: Leather armour    |    40 |    30 |     1 ||    71
       Skin              |       |     7 |       ||     7
Dodge: Dodged            |   101 |   127 |     5 ||   233
